 Dungeon Crawl Stone Soup version 0.28-a0-297-g99b01970c5 (webtiles) character file.

Game seed: 13454618828329346966

660 Gargoyl the Skirmisher (level 7, 0/60 HPs)
             Began as a Gnoll Abyssal Knight on Aug 29, 2021.
             Was a Believer of Lugonu.
             Slain by an orc wizard (1 damage)
             ... on level 6 of the Dungeon.
             The game lasted 00:05:41 (5133 turns).

Gargoyl the Skirmisher (Gnoll Abyssal Knight)       Turns: 5133, Time: 00:05:41

Health: 0/60       AC: 16    Str: 13    XL:     7   Next: 56%
Magic:  11/11      EV:  4    Int: 11    God:    Lugonu [**....]
Gold:   185        SH:  0    Dex: 12    Spells: 11/11 levels left

rFire   . . .      SeeInvis .   a - +2 hand axe
rCold   . . .      Faith    .   (no shield)
rNeg    . . .      Spirit   .   e - +1 plate armour
rPois   .          Reflect  .   f - +1 helmet
rElec   .          Harm     .   (no cloak)
rCorr   .          Rampage  .   d - +0 pair of gloves
Will    .....                   (no boots)
Stlth   ..........              (no amulet)
HPRegen 0.20/turn               (no ring)
MPRegen 0.12/turn               (no ring)

@: confused, mighty
A: fangs 1, strong nose, distributed training
a: Renounce Religion, Depart the Abyss, Bend Space


You were on level 6 of the Dungeon.
You worshipped Lugonu.
Lugonu was pleased with you.
You visited 1 branch of the dungeon, and saw 6 of its levels.
You visited the Abyss 1 time.

You collected 185 gold pieces.

Inventory:

Hand Weapons
 a - a +2 hand axe (weapon)
Armour
 d - a +0 pair of gloves (worn)
 e - a +1 plate armour (worn)
 f - a +1 helmet (worn)
Scrolls
 b - 4 scrolls of identify
 h - a scroll of enchant armour
Potions
 c - 2 potions of brilliance


   Skills:
 + Level 7.1 Fighting
 + Level 2.5 Short Blades
 + Level 2.5 Long Blades
 + Level 5.3 Axes
 + Level 2.5 Maces & Flails
 + Level 2.5 Polearms
 + Level 2.5 Staves
 + Level 2.5 Slings
 + Level 2.5 Bows
 + Level 2.5 Crossbows
 + Level 2.5 Throwing
 + Level 5.3 Armour
 + Level 3.7 Dodging
 + Level 2.5 Stealth
 + Level 2.5 Shields
 + Level 2.5 Unarmed Combat
 + Level 2.5 Spellcasting
 + Level 2.1 Conjurations
 + Level 2.1 Hexes
 + Level 2.1 Summonings
 + Level 2.1 Necromancy
 + Level 2.1 Translocations
 + Level 2.1 Transmutations
 + Level 2.1 Fire Magic
 + Level 2.1 Ice Magic
 + Level 2.1 Air Magic
 + Level 2.1 Earth Magic
 + Level 2.1 Poison Magic
 + Level 5.4 Invocations
 + Level 2.5 Evocations


You had 11 spell levels left.
You didn't know any spells.
Your spell library contained the following spells:

 Spells                   Type           Power      Damage    Failure   Level
 Dispersal                Tloc           3%         N/A       100%        6
 Disjunction              Tloc           3%         N/A       100%        8


Dungeon Overview and Level Annotations

Branches:
Dungeon (6/15)             Temple (0/1) D:5

Altars:

Annotations:
D:2 Terence
D:6 1 runed translucent door, Conn's ghost, novice OpFE


Innate Abilities, Weirdness & Mutations

You have very sharp teeth.
Your uncanny sense of smell can sniff out nearby items.
Your experience applies equally to all skills.


Message History

You slash the gnoll sergeant!
You kill the gnoll sergeant!
Lugonu accepts your kill. The gnoll barely misses you.
Unknown command.
The gnoll hits you with a +3 spear.
Items here: $ ( ) [.
You closely miss the gnoll. The gnoll hits you with a +3 spear.
* * * LOW HITPOINT WARNING * * *
You slash the gnoll!
The gnoll is almost dead.
The gnoll hits you with a +3 spear.
* * * LOW HITPOINT WARNING * * *
Unknown command.
You barely miss the gnoll.
The gnoll is almost dead.
The gnoll hits you but does no damage.
Unknown command.
Your plate armour prevents you from hitting the gnoll.
Your bite misses the gnoll.
The gnoll is almost dead.
The gnoll hits you with a +3 spear.
* * * LOW HITPOINT WARNING * * *
Unknown command.
Unknown command.
You hit the gnoll.
You kill the gnoll!
Lugonu accepts your kill.
Unknown command.
You hear some strange, mumbled words.
You are confused.
You're too confused to move!
You hear some strange, mumbled words.
Something tries to affect you, but you resist.
You bump into the rock wall.
You bump into the rock wall.
Something hits you.
* * * LOW HITPOINT WARNING * * *
Unknown command.
You bump into the stone wall.
Something hits you.
You die...

...........##
###.###
#.......##..###...#
#......).........##
.#.....##.##.##.##
.....<....##....#
#.#.#..#....#..##
....##.........#
....###§############
....g.#§+SFW≈(≈#@.o#
...##§§§##########g#
g. ###§§§...#..##)##
g ##g§§.....##.g#
#§§§§g..#.....#
#§§§§§..#.#####
##§§o.g.g..#
..........g.##
#.###.##.......#


You could see a gnoll and an orc.

Vanquished Creatures
  Grinder (D:4)
  A phantom (D:6)
  Blork the orc (D:4)
  A gnoll sergeant (D:6)
  A scorpion (D:5)
  A hound (D:6)
  A jelly (D:4)
  Robin (D:4)
  4 adders
  A gnoll (D:6)
  An adder skeleton (D:4)
  An adder zombie (D:5)
  A dart slug (D:1)
  An orc (D:4)
  4 bats
  11 endoplasms
  3 giant cockroaches
  15 goblins
  7 hobgoblins
  2 jackals (D:1)
  2 quokkas (D:1)
  2 ball pythons
  2 frilled lizards (D:1)
  3 kobolds (D:1)
  5 rats
73 creatures vanquished.

Vanquished Creatures (others)
  A fungus (D:2)
  13 plants (D:2)
14 creatures vanquished.

Grand Total: 87 creatures vanquished

Notes
Turn   | Place    | Note
-------+----------+-------------------------------------------
     0 | Abyss:1  | Gargoyl the Gnoll Abyssal Knight began the quest for the
                  | Orb.
     0 | Abyss:1  | Reached XP level 1. HP: 23/23 MP: 3/3
   120 | Abyss:2  | Noticed a chaos spawn
   123 | D:1      | Escaped the Abyss
   251 | D:1      | Reached * piety under Lugonu
   324 | D:1      | Reached XP level 2. HP: 16/29 MP: 5/5
   952 | D:1      | Reached XP level 3. HP: 35/35 MP: 6/6
  1565 | D:2      | Noticed Terence
  2306 | D:3      | Reached skill level 1 in Short Blades
  2306 | D:3      | Reached skill level 1 in Long Blades
  2306 | D:3      | Reached skill level 1 in Maces & Flails
  2306 | D:3      | Reached skill level 1 in Polearms
  2306 | D:3      | Reached skill level 1 in Staves
  2306 | D:3      | Reached skill level 1 in Slings
  2306 | D:3      | Reached skill level 1 in Bows
  2306 | D:3      | Reached skill level 1 in Crossbows
  2306 | D:3      | Reached skill level 1 in Throwing
  2306 | D:3      | Reached skill level 1 in Stealth
  2306 | D:3      | Reached skill level 1 in Shields
  2306 | D:3      | Reached skill level 1 in Unarmed Combat
  2306 | D:3      | Reached skill level 1 in Spellcasting
  2306 | D:3      | Reached skill level 1 in Evocations
  2376 | D:3      | Reached XP level 4. HP: 41/41 MP: 7/7
  3023 | D:4      | Noticed Robin
  3043 | D:4      | Killed Robin
  3044 | D:4      | Reached skill level 1 in Conjurations
  3044 | D:4      | Reached skill level 1 in Hexes
  3044 | D:4      | Reached skill level 1 in Summonings
  3044 | D:4      | Reached skill level 1 in Necromancy
  3044 | D:4      | Reached skill level 1 in Translocations
  3044 | D:4      | Reached skill level 1 in Transmutations
  3044 | D:4      | Reached skill level 1 in Fire Magic
  3044 | D:4      | Reached skill level 1 in Ice Magic
  3044 | D:4      | Reached skill level 1 in Air Magic
  3044 | D:4      | Reached skill level 1 in Earth Magic
  3044 | D:4      | Reached skill level 1 in Poison Magic
  3142 | D:4      | Noticed Blork the orc
  3147 | D:4      | Reached ** piety under Lugonu
  3160 | D:4      | Killed Blork the orc
  3161 | D:4      | Reached XP level 5. HP: 10/47 MP: 8/8
  3544 | D:4      | Noticed Grinder
  3566 | D:4      | Paralysed by Grinder for 2 turns
  3581 | D:4      | Killed Grinder
  3582 | D:4      | Reached skill level 5 in Axes
  3582 | D:4      | Reached skill level 5 in Armour
  3582 | D:4      | Reached skill level 5 in Invocations
  3582 | D:4      | Reached XP level 6. HP: 16/53 MP: 9/9
  4399 | D:5      | Entered Level 5 of the Dungeon
  4443 | D:5      | Reached XP level 7. HP: 21/59 MP: 10/10
  4668 | D:5      | Reached skill level 7 in Fighting
  4827 | D:5      | Found a staircase to the Ecumenical Temple.
  4839 | D:6      | Found a runed translucent door.
  4841 | D:6      | Noticed Conn's ghost (novice OpFE)
  5126 | D:6      | HP: 2/60 [gnoll (6)]
  5132 | D:6      | HP: 1/60 [something (3)]
  5133 | D:6      | Slain by an orc wizard

Illustrated notes

Levels and vault maps discovered:
D:1:      dpeg_arrival_leaves_temple_mockup, layout_basic
D:2:      layout_basic, serial_forest, infiniplex_forest_end_2,
          infiniplex_forest_clump_long, infiniplex_forest_lined_room_3,
          infiniplex_forest_zigzag_1, infiniplex_forest_lined_room_,
          infiniplex_forest_straight_5, infiniplex_forest_clump_C,
          shapermc_ecumenical_altar_petra, uniq_terence
D:3:      layout_loops_cross, kennysheep_generic_room_3
D:4:      minmay_wonky_spiral, layout_rooms, serial_rivers,
          chequers_serial_rivers_small_3, chequers_serial_rivers_room_b,
          chequers_serial_rivers_small_3, chequers_serial_rivers_large_b,
          chequers_serial_rivers_marsh, uniq_robin, uniq_blork_the_orc,
          uniq_grinder
D:5:      layout_cave_pods, minmay_temple_entry_proselytizer, uniq_edmund
D:6:      layout_rooms, tso_metal_star, nicolae_uskayaw_suspiria,
          ebering_ghost_sewer_d, minmay_shop_damaged, kennysheep_windowed_goal

Skill      XL: |  1  2  3  4  5  6  7 |
---------------+----------------------+-----
Short Blades   | 1 2 |  2.5
Long Blades    | 1 2 |  2.5
Maces & Flails | 1 2 |  2.5
Polearms       | 1 2 |  2.5
Staves         | 1 2 |  2.5
Slings         | 1 2 |  2.5
Bows           | 1 2 |  2.5
Crossbows      | 1 2 |  2.5
Throwing       | 1 2 |  2.5
Stealth        | 1 2 |  2.5
Shields        | 1 2 |  2.5
Unarmed Combat | 1 2 |  2.5
Spellcasting   | 1 2 |  2.5
Evocations     | 1 2 |  2.5
Conjurations   | 1 2 |  2.1
Hexes          | 1 2 |  2.1
Summonings     | 1 2 |  2.1
Necromancy     | 1 2 |  2.1
Translocations | 1 2 |  2.1
Transmutations | 1 2 |  2.1
Fire Magic     | 1 2 |  2.1
Ice Magic      | 1 2 |  2.1
Air Magic      | 1 2 |  2.1
Earth Magic    | 1 2 |  2.1
Poison Magic   | 1 2 |  2.1
Dodging        | 3 |  3.7
Axes           | 5 |  5.3
Armour         | 5 |  5.3
Invocations    | 5 |  5.4
Fighting       | 7 |  7.1

Action                   |  1- 3 |  4- 6 |  7- 9 || total
-------------------------+-------+-------+-------++-------
Melee: Hand axe          |   104 |   129 |    54 ||   287
       Bite              |     9 |    11 |     3 ||    23
       Punch             |       |     2 |     1 ||     3
Invok: Depart the Abyss  |     1 |       |       ||     1
  Use: Scroll            |     4 |     4 |     1 ||     9
       Potion            |     1 |     1 |     2 ||     4
Armor: Chain mail        |    44 |       |       ||    44
       Plate armour      |    48 |   102 |    44 ||   194
Dodge: Dodged            |    14 |    23 |    11 ||    48

Table legend: (Time is in decaauts)
 A = Elapsed time spent in this place.
 B = Non-inter-level travel time spent in this place.
 C = Inter-level travel time spent in this place.
 D = Time resting spent in this place.
 E = Time spent auto-exploring this place.
 F = Levels seen in this place.
 G = Mean time per level.
                   A        B        C        D        E       F      G
               +--------+--------+--------+--------+--------+-----+--------+
         Total |   5179 |   5074 |    105 |    694 |   3311 |   8 |  647.4 |
       Dungeon |   5056 |   4951 |    105 |    694 |   3238 |   6 |  842.7 |
         Abyss |    122 |    122 |      0 |      0 |     73 |   2 |   61.0 |
               +--------+--------+--------+--------+--------+-----+--------+

Top non-repeatable levels by time:
     D:1: 1687 daAuts
     D:4: 1448 daAuts
     D:3: 740 daAuts
     D:2: 443 daAuts
     D:5: 440 daAuts
     D:6: 295 daAuts
 Abyss:1: 62 daAuts
 Abyss:2: 60 daAuts
